 Dungeon Crawl Stone Soup version 0.19-a0-1532-g228a5d9 (webtiles) character file.

52010 Amnesiac the Eclecticist (level 14, -10/75 HPs)
             Began as a Deep Elf Earth Elementalist on Sept 13, 2016.
             Was an Initiate of Gozag.
             Mangled by a five-headed hydra (11 damage)
             ... on level 6 of the Lair of Beasts.
             The game lasted 01:00:33 (22087 turns).

Amnesiac the Eclecticist (DEEE)                    Turns: 22087, Time: 01:00:35

Health: -10/75     AC:  5    Str:  1    XL:     14   Next: 25%
Magic:  9/35       EV: 24    Int: 24    God:    Gozag
Gold:   5046       SH:  7    Dex: 19    Spells: 3 memorised, 32 levels left

rFire  + . .     SeeInvis +     w - +1 dagger (drain)
rCold  + . .     Gourm    .     X - +1 robe of Elitism {+Fly SInv}
rNeg   . . .     Faith    .     h - +1 buckler
rPois  .         Spirit   .     (helmet restricted)
rElec  .         Dismiss  .     V - +0 cloak
rCorr  .         Reflect  .     o - +0 pair of gloves
MR     +....     Harm     .     D - +0 pair of boots
Stlth  +++++..... Clarity  +    i - amulet of magic regeneration
                                y - +4 ring of evasion
                                E - ring of False Pretenses {rF+ rC+ Str-6 Int+2 SInv}

@: lethally poisoned (-10 -> -10)
A: horns 1, repulsion field 1, clarity, deformed body, strong 1
a: Potion Petition, Call Merchant, Bribe Branch, Renounce Religion, Evoke Flight


You were on level 6 of the Lair of Beasts.
You worshipped Gozag.
Gozag was greatly pleased with you.
You were not hungry.

You visited 3 branches of the dungeon, and saw 18 of its levels.
You also visited: Labyrinth.

You collected 5132 gold pieces.
You paid 86 gold pieces to Gozag.

Inventory:

Hand Weapons
 w - a +1 dagger of draining (weapon)
 T - a +1 dagger of protection
Missiles
 N - 2 throwing nets (quivered)
Armour
 h - a +1 buckler (worn)
 o - a +0 pair of gloves (worn)
 D - a +0 pair of boots (worn)
 O - a +0 helmet of see invisible
 S - a +2 robe of resistance
 V - a +0 cloak (worn)
 X - the +1 robe of Elitism (worn) {+Fly SInv}
   (You found it on level 2 of the Lair of Beasts)

   It lets you see invisible.
   It lets you fly.
Magical Staves
 e - an uncursed staff of earth
Rods
 u - a +4 rod of inaccuracy (9/9)
   (You found it in a labyrinth)
 C - a +4 iron rod (9/9)
   (You found it in a labyrinth)
Jewellery
 i - an amulet of magic regeneration (around neck)
 t - an uncursed ring of ice
 y - a +4 ring of evasion (right hand)
 E - the ring of False Pretenses (left hand) {rF+ rC+ Str-6 Int+2 SInv}
   (You found it on level 7 of the Dungeon)

   [ring of strength]

   It affects your strength (-6).
   It affects your intelligence (+2).
   It protects you from fire.
   It protects you from cold.
   It lets you see invisible.
 G - an uncursed ring of positive energy
 J - a +5 ring of dexterity
Wands
 A - a wand of disintegration (17/24)
 K - a wand of digging (22/24)
 Q - a wand of paralysis (16/24)
Scrolls
 a - 5 scrolls of teleportation
 b - 3 scrolls of amnesia
 g - a scroll of fear
 l - 5 scrolls of remove curse
 r - 3 scrolls of enchant armour
 v - 2 scrolls of blinking
 x - a scroll of recharging
 F - a scroll of fog
 U - 2 scrolls of magic mapping
 Y - a scroll of enchant weapon
Potions
 f - 4 potions of curing
 j - 2 potions of flight
 k - a potion of berserk rage
 m - a potion of haste
 n - 5 potions of ambrosia
 p - 5 potions of brilliance
 q - 2 potions of heal wounds
 s - 3 potions of agility
Books
 c - a book of Unlife

   Spells                             Type                      Level
   a - Recall                         Summoning/Translocation      3
   b - Animate Dead                   Necromancy                   4
   c - Control Undead                 Necromancy                   4
   d - Cigotuvi's Embrace             Necromancy                   5
   e - Death Channel                  Necromancy                   6
   f - Simulacrum                     Ice/Necromancy               6
 B - a book of Debilitation

   Spells                             Type                      Level
   a - Corona                         Hexes                        1
   b - Slow                           Hexes                        2
   c - Gell's Gravitas                Hexes/Translocation          3
   d - Inner Flame                    Hexes/Fire                   3
   e - Cause Fear                     Hexes                        4
   f - Leda's Liquefaction            Hexes/Earth                  4
 I - a book of Transfigurations

   Spells                             Type                      Level
   a - Irradiate                      Conjuration/Transmutation    5
   b - Statue Form                    Transmutation/Earth          6
   c - Hydra Form                     Transmutation                6
   d - Dragon Form                    Transmutation                7
 M - a book of Alchemy

   Spells                             Type                      Level
   a - Sublimation of Blood           Necromancy                   2
   b - Ignite Poison                  Fire/Transmutation/Poison    3
   c - Petrify                        Transmutation/Earth          4
   d - Alistair's Intoxication        Transmutation/Poison         5
   e - Irradiate                      Conjuration/Transmutation    5
 P - a book of Geomancy

   Spells                             Type                      Level
   a - Sandblast                      Earth                        1
   b - Passwall                       Transmutation/Earth          2
   c - Stone Arrow                    Conjuration/Earth            3
   d - Petrify                        Transmutation/Earth          4
   e - Lee's Rapid Deconstruction     Earth                        5
 W - a book of Callings

   Spells                             Type                      Level
   a - Summon Small Mammal            Summoning                    1
   b - Call Imp                       Summoning                    2
   c - Call Canine Familiar           Summoning                    3
   d - Summon Guardian Golem          Hexes/Summoning              3
   e - Summon Lightning Spire         Summoning/Air                4
   f - Summon Ice Beast               Ice/Summoning                4
 Z - a book of Frost

   Spells                             Type                      Level
   a - Freeze                         Ice                          1
   b - Throw Frost                    Conjuration/Ice              2
   c - Ozocubu's Armour               Charms/Ice                   3
   d - Throw Icicle                   Conjuration/Ice              4
   e - Summon Ice Beast               Ice/Summoning                4
Comestibles
 d - 7 bread rations


   Skills:
 + Level 3.6 Fighting
 - Level 10.0 Short Blades
 - Level 8.0 Dodging
 - Level 10.0 Stealth
 - Level 4.4 Shields
 - Level 15.0 Spellcasting
 - Level 9.0 Transmutations
 - Level 15.0 Earth Magic


You had 32 spell levels left.
You knew the following spells:

 Your Spells              Type           Power        Failure   Level  Hunger
e - Petrify               Tmut/Erth      ######..     1%          4    None
f - Lee's Rapid Deconstr  Erth           ######....   1%          5    ##.....
v - Passwall              Tmut/Erth      ######....   1%          2    None


Dungeon Overview and Level Annotations

Branches:
Dungeon (11/15)            Temple (1/1) D:6            Lair (6/6) D:11
 Shoals (0/4) Lair:4        Snake (0/4) Lair:3        Slime (0/5) Lair:5
    Orc (0/2) D:11

Altars:
Ashenzari
Cheibriados
Dithmenos
Elyvilon
Fedhas
Gozag
Hepliaklqana
Kikubaaqudgha
Makhleb
Nemelex Xobeh
Okawaru
Qazlal
Ru
Sif Muna
Trog
Uskayaw
Vehumet
Xom
Yredelemnul
Zin
The Shining One
Beogh
Jiyva

Shops:
D:8 *   D:9 *

Annotations:
D:4 Bronet's ghost, amateur GrFi


Innate Abilities, Weirdness & Mutations

You have a pair of small horns on your head.
You are surrounded by a mild repulsion field. (EV +2)
You possess an exceptional clarity of mind.
Armour fits poorly on your strangely shaped body.
Your muscles are strong. (Str +2)


Message History

Unknown command.
You feel sick.
You barely miss the five-headed hydra.
The five-headed hydra is almost dead.
Unknown command.
The river rat is distracted by the nearby gold.
You feel sick.
You feel sick.
The river rat is distracted by the nearby gold.
You feel sick.
You feel sick.
The five-headed hydra closely misses you.
The five-headed hydra bites you!
* * * LOW HITPOINT WARNING * * *
The five-headed hydra closely misses you.
The five-headed hydra bites you!
* * * LOW HITPOINT WARNING * * *
The five-headed hydra bites you!
You die...
Your body crumbles into a pile of gold.

#..# .... #.####.#
#...##### .#...## ##
#..#.##.#####......#######
#..P..#.....##........#...
#.........................
#...lr....................
#...####.#./...#....P...#
#..####.D##............###
#..r...F.@...............#
#........................#
#........................#
#......r..................
#........................≈
#....r....................
#........................≈
#...###.#...PP###.#..#...≈
#$.P#####..PP## ####.##...


You could see a five-headed hydra, a spiny frog and 3 river rats.

Vanquished Creatures
  A minotaur (Lab)
  Josephine (D:11)
  4 hydras
  Fannar (Lair:1)
  7 death yaks
  Urug (D:11)
  Nergalle (D:11)
  3 hill giants (D:11)
  An orc knight (D:11)
  An ugly thing (D:11)
  2 griffons (Lair:6)
  An oklob plant (Lair:5)
  A shining eye (Lair:5)
  2 cyclopes (D:11)
  A black mamba (Lair:2)
  4 elephants (Lair:3)
  24 spiny frogs
  A torpor snail (Lair:3)
  7 komodo dragons
  2 rime drakes
  A troll (D:11)
  5 blink frogs (Lair:6)
  5 giant leeches (Lair:6)
  2 boulder beetles
  2 snapping turtles (Lair:4)
  4 dream sheep (Lair:5)
  2 redbacks (Lab)
  Sigmund (D:3)
  A shadow (D:11)
  5 wraiths
  Eustachio (D:6)
  A human (D:7)
  2 basilisks
  47 yaks
  Grum (D:11)
  4 hogs (D:7)
  2 hungry ghosts
  A steam dragon (D:11)
  6 hippogriffs
  4 vampire mosquitoes (Lair:6)
  5 nagas (Lair:3)
  A mottled dragon (D:11)
  A soldier ant (D:11)
  6 water moccasins
  7 porcupines
  5 ice beasts
  2 sky beasts
  9 orc warriors
  2 necrophages
  A phantom (D:10)
  7 wolves
  6 ogres
  7 crocodiles
  14 centaurs
  A big kobold (D:10)
  A gnoll sergeant (D:10)
  22 giant frogs
  11 killer bees
  A scorpion (D:11)
  3 wights (D:9)
  4 electric eels
  A howler monkey (D:6)
  9 crimson imps
  A centaur zombie (D:6)
  A quasit (D:10)
  2 giant frog zombies
  8 hounds
  2 jellies
  8 orc priests
  A giant frog skeleton (D:9)
  Terence (D:2)
  12 orc wizards
  11 iguanas
  7 worker ants
  A hound zombie (D:5)
  The ghost of Amnesiac the Digger, a weakling DEEE (D:3)
  A hound skeleton (D:8)
  2 worker ant zombies
  Robin (D:3)
  10 gnolls
  9 adders
  26 river rats
  4 shadow imps
  4 worms
  3 dart slugs
  4 giant geckos
  60 orcs
  A ball python (D:3)
  4 giant cockroaches
  14 goblins
  9 hobgoblins
  4 jackals (D:1)
  15 kobolds
  2 quokkas
  9 bats
  4 giant newts
  10 rats
  A plant (Lair:6)
542 creatures vanquished.

Vanquished Creatures (others)
  7 fungi
  21 plants
28 creatures vanquished.

Grand Total: 570 creatures vanquished

Notes
Turn   | Place    | Note
-------+----------+-------------------------------------------
     0 | D:1      | Amnesiac the Deep Elf Earth Elementalist began the quest for the Orb.
     0 | D:1      | Reached XP level 1. HP: 10/10 MP: 6/6
   320 | D:3      | Reached XP level 2. HP: 9/15 MP: 0/8
   324 | D:3      | Learned a level 2 spell: Passwall
   449 | D:3      | Noticed Amnesiac's ghost (weakling DEEE)
   479 | D:3      | Killed Amnesiac's ghost
   479 | D:3      | Reached XP level 3. HP: 19/19 MP: 7/9
   654 | D:4      | Noticed a necrophage
   655 | D:4      | Noticed Bronet's ghost (amateur GrFi)
   670 | D:4      | Killed a necrophage
   670 | D:4      | Reached XP level 4. HP: 24/24 MP: 4/10
   864 | D:3      | Noticed Robin
   872 | D:3      | Killed Robin
   873 | D:3      | Reached XP level 5. HP: 28/28 MP: 3/11
   886 | D:3      | Noticed Sigmund
  1004 | D:4      | Reached skill level 5 in Transmutations
  1074 | D:4      | Noticed an ogre
  1078 | D:4      | Killed an ogre
  1078 | D:4      | Reached skill level 5 in Earth Magic
  1153 | D:4      | Learned a level 5 spell: Lee's Rapid Deconstruction
  1220 | D:5      | Entered Level 5 of the Dungeon
  1337 | D:5      | Reached XP level 6. HP: 32/32 MP: 10/12
  2038 | D:5      | Found a white marble altar of Elyvilon.
  2363 | D:5      | Found a sacrificial altar of Ru.
  2455 | D:5      | Reached XP level 7. HP: 24/36 MP: 10/13
  2669 | D:4      | Learned a level 4 spell: Petrify
  3315 | D:5      | Reached skill level 5 in Spellcasting
  3427 | D:5      | Gained mutation: You are surrounded by a mild repulsion field. (EV +2) [mutagenic meat]
  3430 | D:5      | Gained mutation: You have an increased reservoir of magic. (+10% MP) [mutagenic meat]
  3433 | D:5      | Lost mutation: You have an increased reservoir of magic. (+10% MP) [mutagenic meat]
  3436 | D:5      | Gained mutation: Your muscles are strong. (Str +2) [mutagenic meat]
  3453 | D:5      | Reached XP level 8. HP: 29/41 MP: 12/17
  3733 | D:6      | Found a staircase to the Ecumenical Temple.
  4503 | D:6      | Reached skill level 1 in Short Blades
  4536 | Temple   | Entered the Ecumenical Temple
  4717 | D:6      | Found an iron altar of Okawaru.
  5046 | Temple   | Became a worshipper of Gozag Ym Sagoz the Greedy
  5460 | D:3      | Killed Sigmund
  5460 | D:3      | Reached skill level 5 in Stealth
  6435 | D:2      | Noticed Terence
  6595 | D:2      | Killed Terence
  7239 | D:6      | Found a sparkling altar of Nemelex Xobeh.
  7319 | D:6      | Noticed Eustachio
  7340 | D:6      | Killed Eustachio
  7340 | D:6      | Reached XP level 9. HP: 45/45 MP: 15/18
  7391 | D:6      | Reached skill level 5 in Short Blades
  7642 | D:7      | Got a coiled steel ring
  7643 | D:7      | You fall through a shaft for 3 floors!
  7643 | D:10     | Entered Level 10 of the Dungeon
  7647 | D:10     | Identified the cursed ring of False Pretenses {rF+ rC+ Str-6 Int+2 SInv} (You found it on level 7 of the Dungeon)
  7785 | D:9      | Found Tomek's Demolitions Depot.
  7838 | D:9      | Reached skill level 1 in Shields
  8098 | D:8      | Found a shattered altar of Ashenzari.
  8479 | D:7      | Reached skill level 10 in Earth Magic
  9386 | D:7      | Reached XP level 10. HP: 50/50 MP: 17/19
  9474 | D:7      | Reached skill level 5 in Dodging
  9674 | D:8      | Found Tiqaap's General Store.
 10069 | D:8      | Found a glowing golden altar of the Shining One.
 10070 | D:8      | Found a shadowy altar of Dithmenos.
 10165 | D:8      | Found a burning altar of Makhleb.
 10394 | D:9      | Found a stormy altar of Qazlal.
 10470 | D:9      | Found a bloodstained altar of Trog.
 10866 | D:9      | Reached skill level 10 in Spellcasting
 11019 | D:9      | Found a hide-covered altar of Uskayaw.
 11019 | D:9      | Found an ancient bone altar of Kikubaaqudgha.
 11983 | D:10     | Reached XP level 11. HP: 54/54 MP: 9/29
 12777 | D:11     | Found a labyrinth entrance.
 12790 | Lab      | Entered a labyrinth
 13216 | Lab      | Noticed a minotaur
 13221 | Lab      | Gained mutation: Armour fits poorly on your strangely shaped body. [potion of mutation]
 13221 | Lab      | Gained mutation: Your system is resistant to poisons. (rPois) [potion of mutation]
 13221 | Lab      | Lost mutation: Your system is resistant to poisons. (rPois) [potion of mutation]
 13236 | Lab      | Killed a minotaur
 13304 | D:11     | Identified a +4 rod of inaccuracy (9/9) (You found it in a labyrinth)
 13369 | D:11     | Noticed Grum
 13389 | D:11     | Killed Grum
 13436 | D:11     | Noticed Nergalle
 13437 | D:11     | Noticed Urug
 13475 | D:11     | Noticed a spectral orc warlord
 13477 | D:11     | Noticed a cyan ugly thing
 13478 | D:11     | Killed Nergalle
 13479 | D:11     | Killed Urug
 13740 | D:11     | Found a shadowy altar of Dithmenos.
 13914 | D:11     | Noticed a hill giant
 13939 | D:11     | Killed a hill giant
 13953 | D:11     | Reached XP level 12. HP: 22/59 MP: 7/32
 14218 | D:11     | Noticed Josephine
 14218 | D:11     | Killed Josephine
 14689 | D:11     | Reached skill level 10 in Short Blades
 14765 | D:11     | Found a roughly hewn altar of Beogh.
 14765 | D:11     | Found a staircase to the Orcish Mines.
 15045 | D:11     | Reached skill level 10 in Stealth
 15152 | D:11     | Reached skill level 15 in Spellcasting
 15187 | D:11     | Found a staircase to the Lair.
 15325 | Lair:1   | Entered Level 1 of the Lair of Beasts
 15827 | Lair:1   | Noticed Fannar
 15835 | Lair:1   | Killed Fannar
 15851 | Lair:1   | Gained mutation: You possess an exceptional clarity of mind. [potion of beneficial mutation]
 15852 | Lair:1   | Gained mutation: You have a pair of small horns on your head. [potion of beneficial mutation]
 16351 | Lair:2   | Got a fabulously ornate robe
 16362 | Lair:2   | Identified the +1 robe of Elitism {+Fly SInv} (You found it on level 2 of the Lair of Beasts)
 17272 | Lair:2   | Reached XP level 13. HP: 45/63 MP: 14/34
 17930 | Lair:3   | Found a staircase to the Snake Pit.
 19200 | Lair:4   | Reached skill level 15 in Earth Magic
 19784 | Lair:4   | Found a staircase to the Shoals.
 20047 | Lair:5   | Found a staircase to the Slime Pits.
 20047 | Lair:5   | Found a viscous altar of Jiyva.
 20960 | Lair:6   | Entered Level 6 of the Lair of Beasts
 21365 | Lair:6   | Reached XP level 14. HP: 63/68 MP: 22/35
 21627 | Lair:6   | Reached skill level 1 in Fighting
 22087 | Lair:6   | HP: 1/75 [five-headed hydra (13)]
 22087 | Lair:6   | Mangled by a five-headed hydra

Vault maps used:
D:1:      dpeg_arrival_oval, corner_web_ring, minmay_unequal
D:2:      roderic_nine_men_s_morris, grunt_decor_resistance, uniq_terence
D:3:      st_stairs_12, uniq_robin, uniq_sigmund
D:4:      first_bread
D:5:      nicolae_ru_the_path_less_chosen, kennysheep_mini_moat
D:6:      kennysheep_little_box, okawaru_trees_1, uniq_eustachio
D:7:      grunt_livestock, minmay_misc_feat_diagonals, nicolae_benzene_ring
D:8:      makhleb_blood_cavern_becter, gammafunk_temple_overflow_statue,
          ashenzari_conservatory_becter, serial_shops, shop_fountains
D:9:      grunt_temple_overflow_open, nicolae_qazlal_style_of_elements,
          old_standard_altar, nicolae_blasting_shop
D:11:     lair_0_dummy, david_orc_5, lab_entry_generic, serial_glass,
          glass_columns_a, glass_columns_c, feat_on_display,
          grunt_dithmenos_shadows, uniq_grum, uniq_josephine, uniq_urug,
          uniq_nergalle
Temple:   nicolae_temple_figure_zero
Lair:1:   lemuel_fruit_tree, grunt_megastairs_4, uniq_fannar
Lair:2:   grunt_megastairs_2
Lair:3:   minmay_snake_entry_guardpost_medium
Lair:4:   minmay_shoals_entry_hut
Lair:5:   slime_altar_1
Lair:6:   minmay_lair_end_frog_pond
Lab:      nicolae_lab_diamond, nicolae_lab_dead_end, lab_hedge, lab_fountain,
          labyrinth_skeletal_remains

Skill      XL: |  1  2  3  4  5  6  7  8  9 10 11 12 13 14 |
---------------+-------------------------------------------+-----
Earth Magic    | 4 5 7 8 9 10 12 15 | 15.0
Transmutations | 2 4 5 9 |  9.0
Spellcasting   | 5 12 14 15 | 15.0
Short Blades   | 4 6 8 10 | 10.0
Stealth        | 6 8 10 | 10.0
Shields        | 4 |  4.4
Dodging        | 4 5 6 8 |  8.0
Fighting       | 3 |  3.6

Action                   |  1- 3 |  4- 6 |  7- 9 | 10-12 | 13-15 || total
-------------------------+-------+-------+-------+-------+-------++-------
Melee: Whip              |     2 |    61 |    72 |       |       ||   135
       Dagger            |       |       |   405 |   627 |   195 ||  1227
       Headbutt          |       |       |       |    17 |    37 ||    54
Throw: Throwing net      |       |       |       |     1 |       ||     1
 Cast: Sandblast         |    35 |    34 |    19 |       |       ||    88
       Passwall          |       |     1 |     3 |    21 |     3 ||    28
       Petrify           |       |       |    54 |   130 |   108 ||   292
       Lee's Rapid Decon |       |       |     5 |    99 |    45 ||   149
Evoke: Wand              |       |       |       |     2 |       ||     2
  Use: Potion            |       |       |     1 |     6 |     2 ||     9
       Scroll            |       |       |     5 |    17 |     3 ||    25
 Stab: Petrified         |       |       |    47 |    58 |    59 ||   164
       Sleeping          |       |       |    22 |    25 |    15 ||    62
       Petrifying        |       |       |    18 |    51 |    31 ||   100
       Distracted        |       |       |     1 |     1 |       ||     2
  Eat: Chunk             |       |     5 |    16 |       |       ||    21
       Bread ration      |       |       |     3 |     3 |       ||     6
       Beef jerky        |       |       |     3 |     2 |       ||     5
       Royal jelly       |       |       |     1 |     1 |       ||     2
       Pizza             |       |       |     4 |     3 |     1 ||     8
       Meat ration       |       |       |       |     1 |     2 ||     3
       Fruit             |       |       |       |     2 |    11 ||    13
Armor: Robe              |     7 |     9 |    78 |    63 |     8 ||   165
Dodge: Dodged            |    14 |    39 |   308 |   340 |   105 ||   806
Block: Buckler           |       |       |    16 |   128 |    28 ||   172
